 Dungeon Crawl Stone Soup version 0.28-a0-1087-gf3fc490d9d (webtiles) character file.

Game seed: 8788707392936881190

18358 Armakuni the Cruncher (level 12, -25/103 HPs)
             Began as a Demigod Wanderer on Dec 10, 2021.
             Annihilated by a cyclops (29 damage)
             ... on level 12 of the Dungeon.
             The game lasted 00:43:08 (16951 turns).

Armakuni the Cruncher (Demigod Wanderer)           Turns: 16951, Time: 00:43:09

Health: -25/103    AC: 10    Str: 23    XL:     12   Next: 1%
Magic:  1/5        EV: 14    Int: 23    God:
Gold:   600        SH:  5    Dex: 16    Spells: 6/13 levels left

rFire   . . .      SeeInvis +   a - +1 lajatang (antimagic)
rCold   . . .      Faith    .   (shield currently unavailable)
rNeg    . . .      Spirit   .   d - +1 troll leather armour {Snorg}
rPois   .          Reflect  +   i - +0 helmet
rElec   .          Harm     .   (no cloak)
rCorr   .          Rampage  .   l - +0 pair of gloves
Will    +....                   m - +2 pair of boots
Stlth   ++........              H - amulet of reflection
HPRegen 1.07/turn               I - ring of see invisible
MPRegen 0.09/turn               D - +6 ring of dexterity

@: no status effects
A: high mp 1, forlorn, divine attributes
a: no special abilities


You were on level 12 of the Dungeon.
You visited 2 branches of the dungeon, and saw 14 of its levels.

You collected 1158 gold pieces.
You spent 558 gold pieces at shops.

Inventory:

Hand Weapons
 a - a +1 antimagic lajatang (weapon)
 b - a +4 scimitar of flaming
 r - a +0 quarterstaff
Missiles
 e - 4 curare-tipped darts (quivered)
 h - a throwing net
Armour
 d - a +1 troll leather armour (worn) {Snorg}
 i - a +0 helmet (worn)
 l - a +0 pair of gloves (worn)
 m - a +2 pair of boots (worn)
Magical Staves
 p - a staff of cold
Jewellery
 n - a ring of protection from cold
 D - a +6 ring of dexterity (right hand)
 F - a ring of protection from fire
 H - an amulet of reflection (around neck)
 I - a ring of see invisible (left hand)
Wands
 k - a wand of digging (4)
Scrolls
 c - a scroll of blinking
 f - a scroll of amnesia
 u - a scroll of identify
Potions
 g - 2 potions of magic
 j - a potion of mutation
 o - 3 potions of attraction


   Skills:
 - Level 8.7 Fighting
 - Level 2.0(2.6) Short Blades
 - Level 2.6(3.0) Long Blades
 + Level 9.1 Staves
 - Level 1.0 Crossbows
 - Level 5.0 Dodging
 - Level 2.6 Stealth
 - Level 1.0 Spellcasting
 - Level 8.2 Conjurations
 - Level 8.0 Fire Magic
 - Level 6.4 Evocations


You had 6 spell levels left.
You knew the following spells:

 Your Spells              Type           Power      Damage    Failure   Level
m - Mephitic Cloud        Conj/Pois/Air  13%        N/A       16%         3
w - Flame Wave            Conj/Fire      38%        2d7       5%          4

Your spell library contained the following spells:

 Spells                   Type           Power      Damage    Failure   Level
 Foxfire                  Conj/Fire      100%       2x1d9     1%          1
 Magic Dart               Conj           100%       1d8       1%          1
 Conjure Flame            Conj/Fire      38%        6-21      1%          3
 Inner Flame              Hex/Fire       19%        N/A       10%         3
 Pain                     Necr           4%         1d4       16%         1
 Call Imp                 Summ           1%         N/A       24%         2
 Corpse Rot               Necr/Air       2%         N/A       24%         2
 Poisonous Vapours        Pois/Air       2%         N/A       24%         2
 Freezing Cloud           Conj/Ice/Air   6%         6-21      82%         5
 Agony                    Necr           1%         N/A       99%         5
 Excruciating Wounds      Necr           0%         N/A       99%         5
 Simulacrum               Ice/Necr       0%         N/A       100%        6
 Polar Vortex             Ice            0%         N/A       100%        9


Dungeon Overview and Level Annotations

Branches:
Dungeon (12/15)            Temple (0/1) D:5            Lair (0/6) D:10
    Orc (2/2) D:11
    Elf: Orc:2

Shops:
D:5 [[(   D:9 *(   Orc:2 *

Annotations:
D:7 2 transporters, EtherCrawl's ghost, novice TrCK
D:11 2 transporters


Innate Abilities, Weirdness & Mutations

You have an increased reservoir of magic. (+10% MP)
You shall have no god before yourself.
Your divine heritage dramatically boosts your attributes as you level up.


Message History

You hear a shout! x2
You slice the vampire mosquito!!
You destroy the vampire mosquito!
You hear a shout! x3
The vampire mosquito barely misses you. The cyclops hits you!
You hear a shout! x2
You have reached level 12!
Your experience leads to a dramatic increase in your attributes!
Your base attributes are Str 23, Int 19, Dex 10.
Increase (S)trength, (I)ntelligence, or (D)exterity?
You feel clever. x4
You miss the vampire mosquito.
The vampire mosquito is heavily damaged.
The vampire mosquito barely misses you.
The vampire mosquito completely misses you.
You closely miss the vampire mosquito.
The vampire mosquito is heavily damaged.
You block the vampire mosquito's attack.
The cyclops hits you! The vampire mosquito barely misses you.
You hit the vampire mosquito.
The vampire mosquito is heavily damaged.
The vampire mosquito bites you but does no damage.
You block the vampire mosquito's attack.
The cyclops completely misses you.
You slice the vampire mosquito!!
You destroy the vampire mosquito!
The cyclops throws a large rock.
The large rock hits you!!
* * * LOW HITPOINT WARNING * * *
You see here a vampire mosquito corpse.
The cyclops hits you!
* * * LOW HITPOINT WARNING * * *
You slice the cyclops!!
The cyclops is almost dead.
You hit the cyclops.
The cyclops is almost dead.
The cyclops closely misses you.
You hit the cyclops.
The cyclops is almost dead.
The cyclops hits you!!
You die...

## #.############
#....^......#
##.########.#
##...#####.#
##.##.......#
#C..######..#
#.#@## #..# #.#†##
#[.#
..........[..##..#
....#........##..#
....#.>.####.##..#
.. ...>.........#
##.....##.##.##
#.... #.##..####
#..#.. #........#


You could see a cyclops.

Vanquished Creatures
  Fannar (D:12)
  2 boulder beetles (D:11)
  4 two-headed ogres
  Erica (D:8)
  A swamp dragon (D:10)
  A manticore (D:11)
  An ugly thing (D:7)
  Joseph (D:7)
  A gargoyle (D:12)
  An unseen horror (D:11)
  Maggie (D:6)
  3 trolls
  Prince Ribbit (D:6)
  A snapping turtle (D:10)
  2 slime creatures
  3 vampires
  3 wraiths
  2 tarantellas
  A wyvern (D:10)
  6 yaks
  A basilisk (D:10)
  A steam dragon (D:10)
  6 vampire mosquitoes
  3 wargs
  11 orc warriors
  A hornet zombie (D:9)
  An ice beast (D:5)
  7 ogres
  A sky beast (D:7)
  A black bear (D:6)
  A necrophage (D:5)
  8 centaurs
  4 phantoms
  A kobold brigand (D:9)
  3 scorpions
  A water moccasin zombie (D:6)
  2 water moccasin skeletons
  11 killer bees
  8 wights
  4 howler monkeys (D:9)
  3 hounds
  3 centaur zombies
  2 centaur skeletons
  12 orc priests
  A gnoll shaman (D:7)
  A scorpion zombie (D:5)
  4 iguanas
  22 orc wizards
  A killer bee zombie (D:6)
  A howler monkey zombie (D:9)
  9 gnolls
  A howler monkey skeleton (D:5)
  10 adders
  A white imp (D:8)
  An adder skeleton (D:4)
  4 worms
  A dart slug (D:1)
  73 orcs
  5 bats
  5 endoplasms
  2 giant cockroaches (D:1)
  13 goblins
  9 hobgoblins
  6 jackals
  A quokka (D:2)
  3 ball pythons
  A ball python skeleton (D:2)
  3 frilled lizards
  13 kobolds
  3 rats
327 creatures vanquished.

Vanquished Creatures (collateral kills)
  2 komodo dragons (D:10)
  An orc warrior (D:10)
  An orc (D:10)
4 creatures vanquished.

Vanquished Creatures (others)
  A kobold brigand (D:5)
1 creature vanquished.

Grand Total: 332 creatures vanquished

Notes
Turn   | Place    | Note
-------+----------+-------------------------------------------
     0 | D:1      | Armakuni the Demigod Wanderer began the quest for the Orb.
     0 | D:1      | Armakuni set off with the following items: a +2 dagger, a
                  | scroll of blinking, a +0 hand crossbow, 22 bolts, a scroll
                  | of teleportation, a +0 robe
     0 | D:1      | Reached XP level 1. HP: 22/22 MP: 3/3
   627 | D:1      | Reached skill level 1 in Short Blades
   695 | D:1      | Reached XP level 2. HP: 28/28 MP: 4/4
  1643 | D:2      | Reached skill level 5 in Fighting
  1643 | D:2      | Reached XP level 3. HP: 34/36 MP: 5/5
  2738 | D:3      | Reached XP level 4. HP: 42/42 MP: 6/6
  2908 | D:3      | Noticed a phantom
  2919 | D:3      | Killed a phantom
  3006 | D:3      | Reached XP level 5. HP: 49/50 MP: 7/7
  3694 | D:4      | Reached XP level 6. HP: 36/57 MP: 8/8
  4548 | D:5      | Entered Level 5 of the Dungeon
  4699 | D:5      | Reached XP level 7. HP: 52/64 MP: 9/9
  4959 | D:5      | Reached skill level 5 in Evocations
  5009 | D:5      | Found Byshro Roij's Armour Shoppe.
  5350 | D:5      | Found a staircase to the Ecumenical Temple.
  5487 | D:5      | Found Fusofon's Antique Weapon Shop.
  5516 | D:5      | Reached XP level 8. HP: 74/74 MP: 10/10
  5685 | D:5      | Found Luso's Antique Armour Shoppe.
  6538 | D:6      | Reached skill level 1 in Long Blades
  6911 | D:6      | Noticed Prince Ribbit
  6920 | D:6      | Killed Prince Ribbit
  7714 | D:7      | Noticed Maggie
  7733 | D:6      | Killed Maggie
  7734 | D:6      | Reached XP level 9. HP: 38/82 MP: 11/11
  7930 | D:6      | Learned a level 4 spell: Flame Wave
  8031 | D:7      | Reached skill level 5 in Dodging
  8076 | D:7      | Noticed a green ugly thing
  8085 | D:7      | Killed a green ugly thing
  8086 | D:7      | Reached skill level 1 in Spellcasting
  8086 | D:7      | Reached skill level 1 in Fire Magic
  8148 | D:7      | Found a transporter.
  8150 | D:7      | Noticed Joseph
  8208 | D:7      | Killed Joseph
  8334 | D:7      | Found a transporter.
  8341 | D:7      | Noticed EtherCrawl's ghost (novice TrCK)
  9529 | D:8      | Noticed Erica
 11128 | D:9      | Reached skill level 5 in Conjurations
 11139 | D:9      | Reached XP level 10. HP: 88/88 MP: 14/14
 11187 | D:9      | Found Wynau's Antique Weapon Shoppe.
 11187 | D:9      | Noticed a two-headed ogre
 11286 | D:9      | Found Opumegg's Overcharged Wands.
 11315 | D:8      | Reached skill level 5 in Fire Magic
 11660 | D:9      | Killed a two-headed ogre
 12426 | D:10     | Entered Level 10 of the Dungeon
 12583 | D:8      | Killed Erica
 12648 | D:10     | Learned a level 3 spell: Mephitic Cloud
 12873 | D:10     | Noticed Sonja
 12877 | D:10     | Noticed Sonja
 12877 | D:10     | Sonja changed into Sonja the tarantella
 12897 | D:10     | Killed Sonja the tarantella
 13126 | D:10     | Noticed Snorg
 13127 | D:10     | Noticed Snorg
 13127 | D:10     | Snorg changed into Snorg the snapping turtle
 13141 | D:10     | Killed Snorg the snapping turtle
 13488 | D:10     | Found a staircase to the Lair.
 13870 | D:10     | Noticed a tengu warrior
 13874 | D:10     | Noticed a swamp dragon
 13874 | D:10     | a tengu warrior changed into a swamp dragon
 13875 | D:10     | Noticed a rakshasa
 13884 | D:10     | Killed a swamp dragon
 14063 | D:10     | Reached XP level 11. HP: 40/95 MP: 15/15
 14175 | D:11     | Found a staircase to the Orcish Mines.
 14243 | D:11     | Noticed a two-headed ogre
 14252 | D:11     | Killed a two-headed ogre
 14321 | D:11     | Found a transporter.
 14330 | D:11     | Identified the +2 robe "Xuylulib" {rF+ rN+ Str+4 Dex-3}
 14391 | D:9      | Bought a runed lajatang for 558 gold pieces
 14558 | D:11     | Noticed a boulder beetle
 14565 | D:11     | Killed a boulder beetle
 14566 | D:11     | Reached skill level 2 in Staves
 14642 | D:11     | Noticed a boulder beetle
 14651 | D:11     | Killed a boulder beetle
 14652 | D:11     | Reached skill level 3 in Staves
 14682 | D:11     | Noticed a two-headed ogre
 14691 | D:11     | Killed a two-headed ogre
 14692 | D:11     | Reached skill level 4 in Staves
 14871 | D:11     | Found a transporter.
 15028 | D:11     | Reached skill level 5 in Staves
 15108 | D:11     | Noticed a two-headed ogre
 15118 | D:11     | Killed a two-headed ogre
 15119 | D:11     | Reached skill level 6 in Staves
 15153 | Orc:1    | Entered Level 1 of the Orcish Mines
 15604 | Orc:1    | Reached skill level 7 in Staves
 16236 | Orc:2    | Entered Level 2 of the Orcish Mines
 16296 | Orc:2    | Found Osuil's General Store.
 16297 | Orc:2    | Noticed an ettin
 16452 | D:12     | Noticed Fannar
 16569 | D:12     | Killed Fannar
 16570 | D:12     | Reached skill level 8 in Staves
 16940 | D:12     | Reached skill level 9 in Staves
 16943 | D:12     | Reached XP level 12. HP: 48/103 MP: 0/16
 16948 | D:12     | HP: 1/103 [cyclops (11)]
 16951 | D:12     | Annihilated by a cyclops

Illustrated notes

Levels and vault maps discovered:
D:1:      minmay_arrival_stone_box, layout_basic, lemuel_old_faithful
D:2:      layout_basic, basic_ecumenical_altar, hex_large, minmay_pentomino_u4
D:3:      layout_rooms, trog_hazing_becter, chequers_serial_rivers_micro_d,
          minmay_strange_pillars
D:4:      layout_basic
D:5:      layout_gridville, minmay_temple_entry_overgrown, serial_shops,
          kennysheep_little_box, nicolae_shop_statue_plus, shop
D:6:      layout_basic, kennysheep_donut, chequers_serial_rivers_micro_d,
          uniq_prince_ribbit1
D:7:      layout_loops_ring, nzn_ghost_randoct, uniq_joseph, uniq_maggie
D:8:      layout_basic, serial_co_window_serial, co_window_of_opportunity_a,
          co_window_corner_a, co_window_corner_a, co_window_paths_a,
          co_window_paths_a, co_window_broadway_a, co_window_broadway_c,
          co_window_of_opportunity_c, co_window_2corner,
          co_window_of_opportunity_b, co_window_paths_e, co_window_4corner_a,
          glass_columns_b, glass_columns_a, glass_columns_c, uniq_erica
D:9:      layout_roguey, serial_shops, shop, nicolae_shop_overcharged_wands
D:10:     minmay_cornered_nines, layout_basic, erik_lair_dragon, hex_tiny,
          uniq_sonja, uniq_snorg
D:11:     gammafunk_cloud_chamber, layout_gridville, hiddenorc2_lemuel
D:12:     layout_loops_ring, special_room [special_room_orc],
          guppyfry_shop_blood, uniq_urug, uniq_fannar, uniq_psyche
Orc:1:    layout_caves, nicolae_orc_lost_temple
Orc:2:    grunt_orc_gardens, layout_diamond_mine, grunt_orc_garden,
          grunt_orc_garden, grunt_orc_garden, grunt_orc_garden, led_sif_book

Skill      XL: |  1  2  3  4  5  6  7  8  9 10 11 |
---------------+----------------------------------+-----
Short Blades   | 1 2 |  2.0
Fighting       | 5 6 8 |  8.7
Evocations     | 2 3 4 5 6 |  6.4
Long Blades    | 2 |  2.6
Dodging        | 4 5 |  5.0
Spellcasting   | 1 |  1.0
Conjurations   | 5 7 8 |  8.2
Fire Magic     | 4 7 8 |  8.0
Staves         | 9 |  9.1
Crossbows      | |  1.0
Stealth        | |  2.6

Action                   |  1- 3 |  4- 6 |  7- 9 | 10-12 || total
-------------------------+-------+-------+-------+-------++-------
Melee: Dagger            |   145 |   135 |    71 |       ||   351
       Scimitar          |       |       |   126 |   262 ||   388
       Long sword        |       |       |     3 |       ||     3
       Unarmed           |       |       |       |    15 ||    15
       Lajatang          |       |       |       |   234 ||   234
 Fire: Hand crossbow     |    37 |    57 |   213 |     2 ||   309
Throw: Dart              |     5 |     6 |    13 |    11 ||    35
 Cast: Flame Wave        |       |       |     9 |    11 ||    20
Evoke: Wand              |       |     1 |    16 |    16 ||    33
  Use: Scroll            |     2 |     5 |     9 |     5 ||    21
       Potion            |       |     1 |    10 |     2 ||    13
 Stab: Sleeping          |       |       |     2 |     1 ||     3
       Distracted        |       |       |     1 |     2 ||     3
       Invisible         |       |       |     1 |       ||     1
Armor: Robe              |    27 |       |       |       ||    27
       Ring mail         |    31 |    69 |    98 |       ||   198
       Steam dragon scal |       |       |    38 |    37 ||    75
       Troll leather arm |       |       |       |   123 ||   123
       Skin              |       |       |       |     2 ||     2
Dodge: Dodged            |    95 |    81 |   201 |   355 ||   732
Block: Other             |     2 |    38 |    93 |   145 ||   278
       Reflection        |       |     3 |     4 |     6 ||    13

Table legend: (Time is in decaauts)
 A = Elapsed time spent in this place.
 B = Non-inter-level travel time spent in this place.
 C = Inter-level travel time spent in this place.
 D = Time resting spent in this place.
 E = Time spent auto-exploring this place.
 F = Levels seen in this place.
 G = Mean time per level.
                   A        B        C        D        E       F      G
               +--------+--------+--------+--------+--------+-----+--------+
         Total |  17197 |  16498 |    699 |   3047 |   8762 |  14 | 1228.4 |
       Dungeon |  16324 |  15699 |    625 |   3032 |   8335 |  12 | 1360.3 |
  Orcish Mines |    873 |    799 |     74 |     15 |    427 |   2 |  436.5 |
               +--------+--------+--------+--------+--------+-----+--------+

Top non-repeatable levels by time:
     D:7: 2050 daAuts
     D:6: 1790 daAuts
    D:10: 1668 daAuts
     D:5: 1599 daAuts
    D:11: 1439 daAuts
     D:9: 1387 daAuts
     D:8: 1357 daAuts
     D:1: 1297 daAuts
     D:2: 1254 daAuts
     D:4: 1159 daAuts
     D:3: 843 daAuts
   Orc:1: 800 daAuts
    D:12: 477 daAuts
   Orc:2: 72 daAuts
